 Dungeon Crawl Stone Soup version 0.30.1-11-g7821555f0a (webtiles) character file.

Game seed: 2827533231044626201

25 monsoonserge the Grasshopper (level 2, -1/22 HPs)
             Began as a Demonspawn Warper on Dec 10, 2023.
             Slain by a goblin
             ... wielding a +2 dagger of electrocution
              (18 damage)
             ... on level 2 of the Dungeon.
             The game lasted 00:01:58 (755 turns).

monsoonserge the Grasshopper (Demonspawn Warper)     Turns: 755, Time: 00:01:58

Health: -1/22      AC:  5    Str: 11    XL:     2   Next: 82%
Magic:  5/5        EV: 10    Int: 14    God:
Gold:   52         SH:  0    Dex: 14    Spells: 3/5 levels left

rFire   . . .        g - +1 short sword (speed)
rCold   . . .        (no shield)
rNeg    . . .        i - +0 ring mail
rPois   .            (no helmet)
rElec   .            (no cloak)
rCorr   .            (no gloves)
SInv    .            (no boots)
Will    .....        (no amulet)
Stlth   ++           (no ring)
HPRegen 0.23/turn    (no ring)
MPRegen 0.09/turn

%: no passive effects
@: no status effects
A: thin skeletal structure 1
a: no special abilities


You were on level 2 of the Dungeon.
You visited 1 branch of the dungeon, and saw 2 of its levels.

You collected 52 gold pieces.

Inventory:

Hand Weapons
 g - a +1 short sword of speed (weapon)
Missiles
 d - 7 boomerangs of dispersal (quivered)
Armour
 b - a +0 leather armour
 i - a +0 ring mail (worn)
Scrolls
 c - a scroll of blinking
 e - a scroll of enchant weapon {unknown}
 h - a scroll of teleportation {unknown}
Potions
 a - a potion of might {unknown}
 f - a potion of heal wounds {unknown}


   Skills:
 + Level 2.0 Fighting
 * Level 0.5 Short Blades
 - Level 2.0 Maces & Flails
 + Level 0.8 Throwing
 * Level 1.0 Armour
 + Level 2.1 Dodging
 + Level 0.1 Stealth
 + Level 2.2 Spellcasting
 + Level 2.9 Translocations


You had 3 spell levels left.
You knew the following spells:

 Your Spells              Type           Power      Damage    Failure   Level
a - Blink                 Tloc           18%        N/A       24%         2

Your spell library contained the following spells:

 Spells                   Type           Power      Damage    Failure   Level
 Lesser Beckoning         Tloc           18%        N/A       24%         2
 Teleport Other           Tloc           9%         N/A       43%         3
 Ensorcelled Hibernation  Hex/Ice        2%         N/A       63%         2
 Passwall                 Tmut/Erth      0%         N/A       63%         2
 Vhi's Electric Charge    Tloc/Air       10%        N/A       65%         3
 Swiftness                Air            1%         N/A       86%         3
 Manifold Assault         Tloc           9%         N/A       85%         4


Dungeon Overview and Level Annotations

Branches:
Dungeon (1/15)

Altars:

Shops:
D:1 (


Innate Abilities, Weirdness & Mutations

You have a somewhat thin skeletal structure. (Dex +2, Stealth+)


Message History

You barely miss the quokka. You hit the quokka.
The quokka is moderately wounded.
The quokka barely misses you.
You hit the quokka.
You kill the quokka!
You see here a quokka corpse.
Found a leather armour.
Memorise Blink, consuming 2 spell levels and leaving 3?
You start memorising the spell.
You continue memorising. x2
You finish memorising.
Spell assigned to 'a'.
You now have 52 gold pieces (gained 11).
Found Rehynlungu's Antique Weapon Boutique.
There is a fountain of clear blue water here.
There is an entrance to Rehynlungu's Antique Weapon Boutique here.
There is a fountain of clear blue water here.
You see here a +0 ring mail.
i - a +0 ring mail You start removing your armour.
You continue taking off your +0 leather armour. x4
You finish taking off your +0 leather armour.
You start putting on your armour.
You continue putting on your +0 ring mail. x5
You finish putting on your +0 ring mail.
Unknown command.
Casting: Blink (quite dangerous; 24% risk of failure)
Confirm with . or Enter, or press ? or * to list all spells.
Okay, then.
A sourceless malevolence fills the Dungeon...
You fall into a shaft and drop 1 floor!
The shaft crumbles and collapses.
A goblin comes into view.
It is wielding a +2 dagger of electrocution.
You see here a book of Burglary.
You pick up a book of Burglary and begin reading...
You add the spells Passwall, Ensorcelled Hibernation and Swiftness to your library.
The goblin shouts!
The goblin hits you with a +2 dagger of electrocution.
You are electrocuted!!
Ouch! That really hurt!
You die...

#.... #.### #.#
####.#
###########....#
#...........####
#.###########
#.# #@# #g# #.#
... #.# #.# #.#
#..


You could see a goblin.

Vanquished Creatures
  A dart slug (D:1)
  An endoplasm (D:1)
  A giant cockroach (D:1)
  A goblin (D:1)
  4 hobgoblins (D:1)
  2 jackals (D:1)
  3 kobolds (D:1)
  2 quokkas (D:1)
  A ball python (D:1)
  2 frilled lizards (D:1)
  2 rats (D:1)
20 creatures vanquished.

Notes
Turn   | Place    | Note
-------+----------+-------------------------------------------
     0 | D:1      | monsoonserge the Demonspawn Warper began the quest for the
                  | Orb.
     0 | D:1      | Reached XP level 1. HP: 16/16 MP: 3/3
   245 | D:1      | Gained mutation: You have a somewhat thin skeletal
                  | structure. (Dex +2, Stealth+) [demonic ancestry]
   245 | D:1      | Reached XP level 2. HP: 16/22 MP: 5/5
   313 | D:1      | Found a faded altar of an unknown god.
   614 | D:1      | Reached skill level 1 in Armour
   665 | D:1      | Learned a level 2 spell: Blink
   711 | D:1      | Found Rehynlungu's Antique Weapon Boutique.
   733 | D:1      | You fall into a shaft and drop 1 floor!
   755 | D:2      | Slain by a goblin

Illustrated notes

Levels and vault maps discovered:
D:1:      heliophobic_arrival_dark_side_of_the_moon, layout_basic, serial_shops,
          shop_fountains, shapermc_ecumenical_altar_mp_urbaneastern
D:2:      layout_loops_ring, serial_shops, nicolae_shop_rolled_up

Skill      XL: |  1  2 |
---------------+-------+-----
Maces & Flails | 2 |  2.0
Dodging        | 2 |  2.1
Armour         | 1 |  1.0
Fighting       | |  2.0
Short Blades   | |  0.5
Throwing       | |  0.8
Stealth        | |  0.1
Spellcasting   | |  2.2
Translocations | |  2.9

Action                     || total
---------------------------++-------
  Melee: Mace              ||    10
         Short sword       ||    78
         Punch             ||     2
   Stab: Sleeping          ||     2
 Armour: Leather armour    ||    11
  Dodge: Dodged            ||    38
